 Dungeon Sprint DCSS version 0.31-a0-18-gea43df2a32 (webtiles) character file.

Game seed: 11662411991864947840

22573 bmack86 the Executioner (level 12, -1/180 HPs)
             Began as a Minotaur Berserker on May 12, 2023.
             Was a High Priest of Trog.
             Succumbed to poison (dark miasma)
             ... in the Dungeon (Sprint I: "Red Sonja").
             The game lasted 00:37:05 (3163 turns).

bmack86 the Executioner (Minotaur Berserker)        Turns: 3163, Time: 00:37:05

Health: -1/180     AC: 24    Str: 24    XL:     12   Next: 64%
Magic:  0/3        EV:  9    Int:  2    God:    Trog [*****.]
Gold:   1079       SH:  0    Dex: 14    Spells: 11/11 levels left

rFire   + . .        q - +3 battleaxe (antimagic)
rCold   . . .        (shield currently unavailable)
rNeg    . . .        v - +2 plate armour {rF+}
rPois   .            (helmet restricted)
rElec   .            t - +0 cloak of Defiance {*Corrode Will+ Dex+5 SInv}
rCorr   .            p - +2 pair of gloves {infuse}
SInv    +            x - +0 pair of boots
Will    +....        F - amulet of faith Stlth
                     I - +4 ring of slaying
HPRegen 0.50/turn    y - ring of flight
MPRegen 0.08/turn

%: no teleportation, corrode self (3%), faith
@: berserking, lethally poisoned (-1 -> -90), flying, slowed
A: horns 2, retaliatory headbutt, clumsy 1, deformed body, dopey 1, frail 1,
weak 1
a: Renounce Religion, Berserk, Trog's Hand, Brothers in Arms


You were in the Dungeon.
You worshipped Trog.
Trog was extremely pleased with you.
You visited 1 branch You collected 4932 gold pieces.
You spent 3853 gold pieces at shops.

Inventory:

Hand Weapons
 q - a +3 antimagic battleaxe (weapon)
 z - a +6 executioner's axe of flaming
Missiles
 o - 3 curare-tipped darts
Armour
 p - a +2 pair of gloves of infusion (worn)
 t - the +0 cloak of Defiance (worn) {*Corrode Will+ Dex+5 SInv}
   (You found it in the Dungeon)

   Dex:       It affects your dexterity (+5).
   SInv:      It lets you see invisible.
   *Corrode:  It may corrode you when you take damage.
   Will:      It increases your willpower.
 v - a +2 plate armour of fire resistance (worn)
 w - a +0 cloak
 x - a +0 pair of boots (worn)
Jewellery
 y - a ring of flight (right hand)
 A - a +4 ring of protection
 F - an amulet of faith (around neck)
 I - a +4 ring of slaying (left hand)
Wands
 i - a wand of mindburst (8) (quivered)
 D - a wand of roots (4)
 J - a wand of flame (7)
 K - a wand of paralysis (6)
Scrolls
 H - 2 scrolls of identify
 M - a scroll of poison {unknown}
Potions
 c - 6 potions of curing
 d - 5 potions of heal wounds
 e - 2 potions of haste
 f - 2 potions of magic
 g - a potion of berserk rage
 r - a potion of invisibility {unknown}
 s - 4 potions of might
 u - a potion of attraction {unknown}
 B - a potion of resistance {unknown}
 E - 3 potions of mutation
 G - 3 potions of cancellation
Miscellaneous
 j - a lightning rod (4/4)
 m - a box of beasts


   Skills:
 + Level 20.8 Fighting
 - Level 24.0 Axes
 + Level 20.8 Armour
 - Level 2.1 Dodging
 - Level 8.0 Evocations


You had 11 spell levels left.
You didn't know any spells.
Your spell library was empty.

Dungeon Overview and Level Annotations

Branches:
Dungeon (1/1)

Altars:
Cheibriados
Dithmenos
Elyvilon
Fedhas
Gozag
Hepliaklqana
Kikubaaqudgha
Makhleb
Nemelex Xobeh
Okawaru
Qazlal
Ru
Sif Muna
Trog
Uskayaw
Vehumet
Wu Jian
Xom
Yredelemnul
Zin
The Shining One
Jiyva
Lugonu

Shops:
D ((!:[[(((?=*[[(!**![:(

Annotations:
D Lom Lobon


Innate Abilities, Weirdness & Mutations

You have a pair of horns on your head.
You reflexively headbutt those who attack you in melee.
You are clumsy. (Dex -2)
Armour fits poorly on your strangely shaped body.
You are dopey. (Int -2)
You are frail. (-10% HP)
You are weak. (Str -2)


Message History

You are engulfed in dark miasma.
You are poisoned.
You feel very sick.
Lom Lobon gestures.
A freezing vortex appears around Lom Lobon!
You slash Lom Lobon!
Lom Lobon's magic leaks into the air.
You headbutt Lom Lobon.
Lom Lobon is lightly wounded.
You are engulfed in dark miasma.
You are more poisoned.
You feel extremely sick. Lom Lobon hits you!!
You feel your power leaking away.
A red film seems to cover your vision as you go berserk!
You feel yourself moving faster!
You feel mighty!
You are engulfed in dark miasma.
You are more poisoned.
You feel extremely sick.
Lom Lobon falters for a moment.
You barely miss Lom Lobon.
Lom Lobon is lightly wounded.
You are engulfed in dark miasma.
You are more poisoned.
* * * LOW HITPOINT WARNING * * *
You feel extremely sick.
You closely miss Lom Lobon. You headbutt Lom Lobon!
Lom Lobon is lightly wounded.
You are engulfed in dark miasma.
You are more poisoned.
You feel yourself slow down.
* * * LOW HITPOINT WARNING * * *
x2 You feel very sick.
* * * LOW HITPOINT WARNING * * *
Lom Lobon hits you!
* * * LOW HITPOINT WARNING * * *
You slice Lom Lobon!!
Lom Lobon's magic leaks into the air.
Lom Lobon is lightly wounded.
You are engulfed in dark miasma.
You are more poisoned.
* * * LOW HITPOINT WARNING * * *
You die...

###§# #.##'##.......
§.#.# #^#~~~##......
.#§§# ####.#~~~~##.....
~####
###°.^.#~~~~~###### ~#
#####°§°°####~~~~#~~~~~
##
##°°°°°°§§#..#'~~~'~~.~~
#
#°○§°°°○○§#...##~~#~~~~~
##
○○○°°°°§§○#....######'##
∩# #○§§@○°#....#~~≈≈≈≈≈≈
## #§○§○&○#######~~~~≈≈≈
# #§°§§°°°|[#)['...~~~~
^.§○§§°°°#)=').#.......
#######################


You could see Lom Lobon (vortex, magic disrupted).

Vanquished Creatures
  the Lernaean hydra (D)
  A golden dragon (D)
  A deep elf master archer (D)
  A shadow dragon (D)
  A deep elf annihilator (D)
  A mummy priest (D)
  A hydra (D)
  2 centaur warriors (D)
  Sonja (D)
  A deep troll (D)
  A lindwurm (D)
  2 oklob plants (D)
  8 shining eyes (D)
  2 merfolk sirens (D)
  A gargoyle (D)
  2 unseen horrors (D)
  2 kobold demonologists (D)
  2 demonic crawlers (D)
  A hellwing (D)
  5 hornets (D)
  A slime creature (D)
  A yak (D)
  Sigmund (D)
  2 redbacks (D)
  13 hogs (D)
  7 floating eyes (D)
  An ogre (D)
  5 necrophages (D)
  4 jellies (D)
  Ijyb (D)
73 creatures vanquished.

Vanquished Creatures (collateral kills)
  2 demonic crawlers (D)
  2 necrophages (D)
  4 jellies (D)
8 creatures vanquished.

Vanquished Creatures (others)
  A gargoyle (D)
  2 ballistomycete spores (D)
3 creatures vanquished.

Grand Total: 84 creatures vanquished

Notes
Turn   | Place    | Note
-------+----------+-------------------------------------------
     0 | D        | bmack86 the Minotaur Berserker began the quest for the Orb.
     0 | D        | Reached XP level 1. HP: 19/19 MP: 0/0
     3 | D        | Noticed Ijyb
     7 | D        | Killed Ijyb
     8 | D        | Reached skill level 5 in Fighting
     8 | D        | Reached skill level 6 in Axes
     8 | D        | Reached XP level 2. HP: 29/29 MP: 1/1
    54 | D        | Noticed an ogre
    58 | D        | Killed an ogre
    59 | D        | Reached skill level 8 in Axes
    59 | D        | Reached skill level 5 in Armour
    59 | D        | Reached XP level 3. HP: 28/37 MP: 2/2
    59 | D        | Reached XP level 4. HP: 33/44 MP: 3/3
   131 | D        | Noticed Sigmund
   145 | D        | Killed Sigmund
   145 | D        | Reached ** piety under Trog
   146 | D        | Reached skill level 10 in Axes
   146 | D        | Reached XP level 5. HP: 53/53 MP: 4/4
   181 | D        | Found a burning altar of Makhleb.
   181 | D        | Found a viscous altar of Jiyva.
   181 | D        | Found a shimmering altar of Xom.
   181 | D        | Found a corrupted altar of Lugonu.
   181 | D        | Noticed a slime creature
   188 | D        | Killed a slime creature
   189 | D        | Reached skill level 11 in Axes
   189 | D        | Reached skill level 5 in Evocations
   189 | D        | Reached XP level 6. HP: 62/62 MP: 5/5
   231 | D        | Found an ornate altar of the Wu Jian Council.
   231 | D        | Found a shimmering blue altar of Sif Muna.
   233 | D        | Found a radiant altar of Vehumet.
   276 | D        | Found Zafaj's Book Emporium.
   276 | D        | Found an ancient bone altar of Kikubaaqudgha.
   276 | D        | Found a hazy altar of Hepliaklqana.
   276 | D        | Found a stormy altar of Qazlal.
   276 | D        | Found a hide-covered altar of Uskayaw.
   276 | D        | Found a blossoming altar of Fedhas.
   276 | D        | Found a bloodstained altar of Trog.
   276 | D        | Found an iron altar of Okawaru.
   276 | D        | Found a basalt altar of Yredelemnul.
   276 | D        | Found a glowing golden altar of the Shining One.
   276 | D        | Found a snail-covered altar of Cheibriados.
   276 | D        | Found a sacrificial altar of Ru.
   276 | D        | Found a glowing silver altar of Zin.
   276 | D        | Found a shadowy altar of Dithmenos.
   276 | D        | Found a white marble altar of Elyvilon.
   276 | D        | Noticed a yak
   282 | D        | Killed a yak
   283 | D        | Reached skill level 12 in Axes
   283 | D        | Reached XP level 7. HP: 57/70 MP: 6/6
   283 | D        | Found an opulent altar of Gozag.
   284 | D        | Found a sparkling altar of Nemelex Xobeh.
   326 | D        | Noticed Sonja
   328 | D        | Killed Sonja
   328 | D        | Reached *** piety under Trog
   329 | D        | Reached skill level 10 in Fighting
   329 | D        | Reached skill level 14 in Axes
   329 | D        | Reached skill level 10 in Armour
   329 | D        | Reached XP level 8. HP: 74/80 MP: 7/7
   345 | D        | Found Hiqian's Antique Weapon Boutique.
   401 | D        | Noticed a deep troll
   407 | D        | Killed a deep troll
   408 | D        | Reached skill level 15 in Axes
   418 | D        | Found Xungor's Armour Emporium.
   452 | D        | Noticed a centaur warrior
   453 | D        | Noticed a centaur warrior
   456 | D        | Noticed a hornet
   457 | D        | Killed a centaur warrior
   458 | D        | Reached skill level 16 in Axes
   458 | D        | Reached XP level 9. HP: 52/90 MP: 8/8
   460 | D        | Killed a centaur warrior
   460 | D        | Reached **** piety under Trog
   461 | D        | Reached skill level 17 in Axes
   669 | D        | Noticed an oklob plant
   673 | D        | Killed an oklob plant
   786 | D        | Reached skill level 18 in Axes
   833 | D        | Reached ***** piety under Trog
   840 | D        | Reached XP level 10. HP: 101/101 MP: 9/9
   847 | D        | Received a gift from Trog
   889 | D        | Found Wotim's Antique Weapon Shoppe.
   889 | D        | Found Ypri's Antique Weapon Shop.
   889 | D        | Found Zoner's Weapon Boutique.
   891 | D        | Found Ebeoliut's Magic Scroll Emporium.
   891 | D        | Found Qadut's Jewellery Shop.
   891 | D        | Found Cuukoupe's Assorted Antiques.
   891 | D        | Found Takaru's Antique Armour Boutique.
   891 | D        | Found Waopteiw's Armour Emporium.
   891 | D        | Found Raacogg's Antique Weapon Shop.
   891 | D        | Found Wittidag's Distillery.
   895 | D        | Found Kaanath's Assorted Antiques.
   896 | D        | Found Qeuf's Distillery.
   896 | D        | Found Nauvveu's Assorted Antiques.
   897 | D        | Found Mitwus's Book Emporium.
   898 | D        | Bought a scroll labelled IJOW CIESONAL for 27 gold pieces
   903 | D        | Bought a fuming white potion for 18 gold pieces
   903 | D        | Bought a scroll labelled BACASI BAEFU for 21 gold pieces
   903 | D        | Bought a blue potion for 18 gold pieces
   915 | D        | Bought a glowing plate armour for 806 gold pieces
   926 | D        | Bought a +0 cloak for 49 gold pieces
   930 | D        | Bought a scroll of brand weapon for 104 gold pieces
   940 | D        | Bought a pair of boots for 139 gold pieces
   956 | D        | Bought a notched cabochon ring for 130 gold pieces
  1011 | D        | Received a gift from Trog
  1014 | D        | Reached skill level 19 in Axes
  1065 | D        | Noticed a demonic crawler
  1065 | D        | Noticed a demonic crawler
  1065 | D        | Noticed a demonic crawler
  1065 | D        | Noticed a demonic crawler
  1066 | D        | Killed a demonic crawler
  1068 | D        | Killed a demonic crawler
  1073 | D        | Killed a demonic crawler
  1076 | D        | Killed a demonic crawler
  1077 | D        | Reached skill level 20 in Axes
  1180 | D        | Noticed a lindwurm
  1183 | D        | Killed a lindwurm
  1184 | D        | Reached skill level 15 in Fighting
  1209 | D        | Received a gift from Trog
  1215 | D        | Reached skill level 15 in Armour
  1228 | D        | Reached skill level 21 in Axes
  1229 | D        | Reached XP level 11. HP: 112/113 MP: 1/10
  1323 | D        | Noticed a 12-headed hydra
  1324 | D        | Paralysed by a floating eye for 4 turns
  1328 | D        | Killed an 11-headed hydra
  1328 | D        | Received a gift from Trog
  1540 | D        | Noticed a shadow dragon
  1540 | D        | Noticed a golden dragon
  1546 | D        | Killed a shadow dragon
  1547 | D        | Reached skill level 22 in Axes
  1551 | D        | Killed a golden dragon
  1780 | D        | Found Qimeqot's Weapon Shoppe.
  1825 | D        | Noticed a deep elf annihilator
  1830 | D        | Reached skill level 23 in Axes
  1832 | D        | Paralysed by a hornet for 3 turns
  1836 | D        | Killed a deep elf annihilator
  1839 | D        | Received a gift from Trog
  1840 | D        | Noticed a mummy priest
  2002 | D        | Noticed a jiangshi
  2003 | D        | Noticed an oklob plant
  2005 | D        | Noticed a flayed ghost
  2012 | D        | Killed a mummy priest
  2012 | D        | Killed an oklob plant
  2013 | D        | Reached skill level 24 in Axes
  2222 | D        | Noticed the 27-headed Lernaean hydra
  2230 | D        | Killed the 27-headed Lernaean hydra
  2231 | D        | Reached XP level 12. HP: 129/129 MP: 2/11
  2289 | D        | Noticed a deep elf master archer
  2343 | D        | Identified the +0 cloak of Defiance {*Corrode Will+ Dex+5
                  | SInv}
  2499 | D        | Identified the +7 plate armour "Ane Odik" {rC+ Stlth+}
  2509 | D        | Killed a deep elf master archer
  2857 | D        | Gained mutation: You are frail. (-10% HP) [a shining eye]
  2858 | D        | Paralysed by a floating eye for 4 turns
  2865 | D        | Received a gift from Trog
  2866 | D        | Gained mutation: Armour fits poorly on your strangely
                  | shaped body. [a shining eye]
  2870 | D        | Gained mutation: You are weak. (Str -2) [a shining eye]
  2879 | D        | Gained mutation: You are clumsy. (Dex -2) [a shining eye]
  2880 | D        | Gained mutation: You are dopey. (Int -2) [a shining eye]
  2893 | D        | Found Nenkaj's Antique Weapon Shoppe.
  2893 | D        | Found Cesung's Armour Shop.
  2893 | D        | Found Tiytzaof's Distillery.
  2893 | D        | Found Cedonwet's Armour Boutique.
  2901 | D        | Bought a potion of mutation for 112 gold pieces
  2901 | D        | Bought a potion of haste for 140 gold pieces
  2901 | D        | Bought 2 potions of heal wounds for 140 gold pieces
  2901 | D        | Bought a potion of cancellation for 112 gold pieces
  2901 | D        | Bought a potion of curing for 42 gold pieces
  2901 | D        | Bought a potion of heal wounds for 70 gold pieces
  2965 | D        | Bought a scroll of identify for 22 gold pieces
  2965 | D        | Bought a scroll of identify for 22 gold pieces
  2966 | D        | Bought a +4 ring of slaying for 1092 gold pieces
  2971 | D        | Bought a potion of curing for 33 gold pieces
  2971 | D        | Bought a potion of heal wounds for 55 gold pieces
  2971 | D        | Bought a potion of mutation for 88 gold pieces
  2971 | D        | Bought a potion of cancellation for 88 gold pieces
  2971 | D        | Bought a potion of cancellation for 88 gold pieces
  2972 | D        | Bought a scroll of identify for 42 gold pieces
  2972 | D        | Bought a jewelled ivory wand for 84 gold pieces
  2973 | D        | Bought a potion of might for 44 gold pieces
  2973 | D        | Bought a potion of might for 44 gold pieces
  2973 | D        | Bought a potion of might for 44 gold pieces
  2974 | D        | Bought a silver wand for 104 gold pieces
  2974 | D        | Bought a scroll labelled QEOBAI TELAKHLEIKH for 26 gold
                  | pieces
  2974 | D        | Bought a scroll labelled NADATOJ POUGI for 26 gold pieces
  2974 | D        | Bought a murky brown potion for 23 gold pieces
  3012 | D        | Received a gift from Trog
  3012 | D        | Reached ****** piety under Trog
  3088 | D        | Noticed a daeva
  3157 | D        | Noticed Lom Lobon
  3163 | D        | Succumbed to poison (dark miasma)

Illustrated notes

Levels and vault maps discovered:
D:        dungeon_sprint_1 [red_sonja_temple_1, red_sonja_temple_small_1]

Skill      XL: |  1  2  3  4  5  6  7  8  9 10 11 12 |
---------------+-------------------------------------+-----
Fighting       | 5 6 7 8 9 10 11 13 15 18 20 | 20.8
Axes           | 6 8 10 11 12 14 16 18 21 24 | 24.0
Armour         | 4 5 7 8 10 11 13 15 18 20 | 20.8
Evocations     | 2 4 5 6 8 |  8.0
Dodging        | |  2.1

Action                     |  1- 3 |  4- 6 |  7- 9 | 10-12 || total
---------------------------+-------+-------+-------+-------++-------
  Melee: Hand axe          |     3 |    13 |       |       ||    16
         Headbutt          |     2 |     6 |     5 |    27 ||    40
         Dagger            |     3 |       |       |       ||     3
         Halberd           |       |     6 |    15 |     5 ||    26
         Executioner's axe |       |       |       |    64 ||    64
         Battleaxe         |       |       |       |    56 ||    56
 Invoke: Berserk           |     2 |     2 |     3 |     7 ||    14
         Brothers in Arms  |       |       |     1 |     7 ||     8
  Evoke: Wand              |       |       |     9 |     3 ||    12
         Lightning rod     |       |       |       |     1 ||     1
    Use: Scroll            |       |       |     1 |     9 ||    10
         Potion            |       |       |       |     1 ||     1
 Armour: Ring mail         |       |     2 |     4 |     2 ||     8
         Leather armour    |       |     1 |       |       ||     1
         Plate armour      |       |       |       |   115 ||   115
  Dodge: Dodged            |     1 |    12 |     7 |    52 ||    72

Table legend: (Time is in decaauts)
 A = Elapsed time spent in this place.
 B = Non-inter-level travel time spent in this place.
 C = Inter-level travel time spent in this place.
 D = Time resting spent in this place.
 E = Time spent auto-exploring this place.
 F = Levels seen in this place.
 G = Mean time per level.
                   A        B        C        D        E       F      G
               +--------+--------+--------+--------+--------+-----+--------+
         Total |   3266 |   3214 |     52 |   1540 |      0 |   1 | 3266.0 |
       Dungeon |   3266 |   3214 |     52 |   1540 |      0 |   1 | 3266.0 |
               +--------+--------+--------+--------+--------+-----+--------+

Top non-repeatable levels by time:
       D: 3266 daAuts
